 Dungeon Crawl Stone Soup version 0.30-a0-459-g9104f0fc43 (webtiles) character file.

Game seed: 7369533760682443238

232874 zishaf the Slayer (level 18, -3/198 HPs)
             Began as a Minotaur Berserker on Dec 15, 2022.
             Was a High Priest of Trog.
             Killed from afar by a frost giant (16 damage)
             ... with a bolt of cold
             ... on level 4 of the Shoals.
             The game lasted 00:44:04 (29388 turns).

zishaf the Slayer (Minotaur Berserker)             Turns: 29388, Time: 00:44:04

Health: -3/198     AC: 28    Str: 30    XL:     18   Next: 83%
Magic:  26/26      EV: 13    Int:  4    God:    Trog [*****.]
Gold:   1060       SH:  0    Dex:  6    Spells: 17/17 levels left

rFire   + + .      SeeInvis +    b - +3 executioner's axe (flame)
rCold   + . .      Faith    .    (shield currently unavailable)
rNeg    + . .      Spirit   .    T - +5 scale mail "Eptuin" {rElec Regen+ MP+9}
rPois   .          Reflect  .    s - +2 hat
rElec   +          Harm     .    W - +0 cloak of Werphomn {rF+ rC+ Dex-4}
rCorr   .          Rampage  .    D - +0 pair of gloves
Will    +++++      Clarity  +    h - +1 pair of boots
Stlth   ..........               R - amulet of the Four Winds {rN+ Will+++ Clar}
HPRegen 2.33/turn                C - ring of protection from fire
MPRegen 0.20/turn                S - +4 ring of protection

@: strong-willed, on berserk cooldown, regenerating, slowed, studying
Evocations, very slow
A: horns 2, retaliatory headbutt, see invisible
}: 1/15 runes: serpentine
a: Renounce Religion, Berserk, Trog's Hand, Brothers in Arms


You were on level 4 of the Shoals.
You worshipped Trog.
Trog was extremely pleased with you.
You visited 5 branches of the dungeon, and saw 30 of its levels.
You also visited: Gauntlet.

You collected 3432 gold pieces.
You spent 2372 gold pieces at shops.

Inventory:

Hand Weapons
 a - a +2 antimagic executioner's axe
 b - a +3 executioner's axe of flaming (weapon)
 u - a +0 executioner's axe
 Q - the +7 battleaxe of Trog's Esteem {vorpal, rN+ Will+ Str+2 Stlth+}
   (Trog gifted it to you on level 1 of the Orcish Mines)

   It inflicts extra damage upon your enemies.
   Str:       It affects your strength (+2).
   rN:        It protects you from negative energy.
   Will:      It increases your willpower.
   Stlth:     It makes you more stealthy.
Missiles
 g - 4 throwing nets (quivered)
Armour
 h - a +1 pair of boots (worn)
 n - a +2 plate armour of fire resistance
 s - a +2 hat (worn)
 D - a +0 pair of gloves (worn)
 T - the +5 scale mail "Eptuin" (worn) {rElec Regen+ MP+9}
   (You found it on level 14 of the Dungeon)

   rElec:     It insulates you from electricity.
   MP:        It affects your magic capacity (+9).
   Regen:     It increases your rate of health regeneration.
 W - the +0 cloak of Werphomn (worn) {rF+ rC+ Dex-4}
   (You found it on level 4 of the Snake Pit)

   Dex:       It affects your dexterity (-4).
   rF:        It protects you from fire.
   rC:        It protects you from cold.
Jewellery
 j - a ring of fire
 m - the amulet of Elyvilon's Pride {rPois rN+ Regen+ rCorr}
   (You acquired it on level 6 of the Dungeon)

   [amulet of regeneration]

   rPois:     It protects you from poison.
   rN:        It protects you from negative energy.
   Regen:     It increases your rate of health regeneration.
   rCorr:     It protects you from acid and corrosion.
 C - a ring of protection from fire (left hand)
 J - the ring "Kuoraxupp" {rPois rF- rC+ rN+++ Stlth+}
   (You found it in a Gauntlet)

   [ring of protection from cold]

   rF:        It makes you vulnerable to fire.
   rC:        It protects you from cold.
   rPois:     It protects you from poison.
   rN:        It renders you almost immune to negative energy.
   Stlth:     It makes you more stealthy.
 R - the amulet of the Four Winds (around neck) {rN+ Will+++ Clar}
   (You bought it in a shop on level 11 of the Dungeon)

   [amulet of nothing]

   rN:        It protects you from negative energy.
   Clar:      It protects you against confusion.
   Will:      It greatly increases your willpower.
 S - a +4 ring of protection (right hand)
 U - a +4 ring of protection
Wands
 c - a wand of digging (14)
 i - a wand of iceblast (18)
 q - a wand of paralysis (7)
 x - a wand of polymorph (14)
 F - a wand of light (21)
 K - a wand of mindburst (13)
 L - a wand of flame (21)
Scrolls
 l - 16 scrolls of teleportation
 r - 5 scrolls of poison
 w - 2 scrolls of blinking
 z - a scroll of enchant weapon
 E - 5 scrolls of fog
 G - a scroll of enchant armour
 M - 15 scrolls of identify
 P - 4 scrolls of magic mapping
Potions
 d - 5 potions of lignification
 e - a potion of heal wounds
 f - 5 potions of cancellation
 k - 3 potions of invisibility
 o - 9 potions of ambrosia
 p - 19 potions of curing
 t - 3 potions of attraction
 v - 3 potions of magic
 A - 4 potions of mutation
 H - a potion of berserk rage
 I - 8 potions of resistance
 N - 3 potions of flight
 X - 2 potions of might
Miscellaneous
 y - a lightning rod (4/4)
 B - a box of beasts
 O - a condenser vane


   Skills:
 + Level 26.4 Fighting
 - Level 24.0 Axes
 + Level 18.8 Armour
 - Level 13.0 Dodging
 + Level 8.9 Evocations


You had 17 spell levels left.
You didn't know any spells.
Your spell library was empty.

Dungeon Overview and Level Annotations

Branches:
Dungeon (15/15)            Temple (0/1) D:4            Lair (5/5) D:8
 Shoals (4/4) Lair:2        Snake (4/4) Lair:3        Slime (0/5) Lair:4
    Orc (2/2) D:10            Elf (0/3) Orc:2        Vaults (0/5) D:14
 Depths (0/4) D:15        Gauntlet (visited)

Altars:
Ashenzari
Elyvilon
Fedhas
Gozag
Hepliaklqana
Kikubaaqudgha
Makhleb
Okawaru
Sif Muna
Vehumet
Wu Jian
Xom
Yredelemnul
The Shining One
Jiyva

Shops:
D:4 (   D:11 =   D:14 :   Orc:2 :??:   Snake:2 :=

Portals:
Abyss: D:4


Innate Abilities, Weirdness & Mutations

You have a pair of horns on your head.
You reflexively headbutt those who attack you in melee.
You have supernaturally acute eyesight. (SInv)


Message History

Splash!
You fall into the shallow water.
Moving in this stuff is going to be slow.
You feel sick.
The merfolk impaler hits you but does no damage.
The merfolk impaler closely misses you.
The frost giant hits you but does no damage.
The merfolk impaler hits you from afar with a +0 trident of freezing!
* * * LOW HITPOINT WARNING * * *
The merfolk impaler freezes you.
* * * LOW HITPOINT WARNING * * *
The merfolk impaler barely misses you. The sea snake bites you!
* * * LOW HITPOINT WARNING * * *
Blink to where?
Press: ? - help, Dir - move target Splash!
As you read the scroll of blinking, it crumbles to dust.
You feel sick.
The merfolk impaler hits you but does no damage.
You feel sick.
The merfolk impaler hits you but does no damage.
A merfolk comes into view. It is wielding a +0 trident.
The merfolk impaler hits you but does no damage. x2
You feel sick.
You are no longer poisoned.
The merfolk impaler closely misses you.
The merfolk impaler hits you but does no damage.
The merfolk impaler closely misses you.
Your skin crawls.
You feel strong-willed. The frost giant casts a spell at you.
The bolt of cold hits you! You resist.
* * * LOW HITPOINT WARNING * * *
The bolt of cold hits the plant!!
The plant begins to die.
The merfolk impaler hits you but does no damage.
The sea snake barely misses you. You furiously retaliate!
You headbutt the sea snake.
The frost giant points at you and mumbles some strange words.
The bolt of cold hits you! You resist.
You die...
P~P~PPP≈≈~≈≈≈~.... ~...~~~P.P~PPP~.PP..# ≈...P..PP~P~P~......#### ## ~~.P..P..P~~P~P.P.~##.. #. # ~~.P..P..PP~~P....~#...≈. .# ...P..P..~~P~.....###~#. .# .........~~P~..m..# mE~

.≈ .........~~~~..P.~###S#~#.##
.........P~~~~..@~##)m~≈~..#
.........~~~~~~~S○m#~C~~#.##
#........~~~~~~~~~Cm#####
.##.)....~†~≈≈≈≈≈≈≈~#
)#.......~≈≈≈≈≈≈≈≈≈≈~~.
.##.....~~≈≈≈≈≈≈≈≈≈≈≈≈≈~.~~~...
###.....~≈≈≈≈≈≈≈≈≈≈≈≈≈≈~~~~~...
# #.....~≈≈≈≈≈≈≈≈≈~~~~~~~~~~~~.
.##....~~≈≈≈≈≈≈~PP~P~~~~~≈~~~~~


You could see a frost giant, 2 merfolk impalers, a sea snake and a merfolk.

Vanquished Creatures
  Polyphemus (Shoals:2)
  A kraken (Shoals:1)
  Roxanne (Snake:4)
  Kirke (D:13)
  13 nagarajas (Snake:4)
  Ilsuiw (Shoals:2)
  The ghost of Jackthecabe the Summoner, an adept DgCj (Snake:4)
  A frost giant (D:15)
  A balrug (Gauntlet)
  Louise (Shoals:2)
  A minotaur (Gauntlet)
  The ghost of BigDaddyOpFi the Cleaver, a journeyman HOFi of Beogh (D:12)
  Snorg (Orc:2)
  3 merfolk impalers
  4 merfolk javelineers
  Josephine (Shoals:1)
  The ghost of holysushi the Covert, a journeyman OpMo of Gozag (D:10)
  An ice dragon (D:14)
  6 salamander tyrants
  3 merfolk avatars
  5 hydras
  Erolcha (D:13)
  A catoblepas (Shoals:2)
  15 anacondas
  A merfolk aquamancer (Shoals:4)
  5 two-headed ogres
  2 alligator snapping turtles (Shoals:4)
  9 centaur warriors
  3 boulder beetles
  The ghost of AigisTheKnight the Arsonist, a journeyman TeFE of the Shining One (D:10)
  18 death yaks
  22 naga warriors
  2 satyrs
  2 tengu warriors (D:15)
  4 orc high priests
  13 naga sharpshooters
  Urug (D:11)
  The ghost of PyroL the Black Sun, a novice DsNe of Kikubaaqudgha (D:10)
  An iron troll (D:14)
  10 shock serpents
  11 slime creatures
  8 naga ritualists
  4 salamander mystics
  5 skeletal warriors (D:15)
  10 sea snakes
  Pikel (D:7)
  2 flayed ghosts
  A deep elf pyromancer (D:14)
  22 harpies
  A phantasmal warrior (D:12)
  A necromancer (Lair:3)
  8 orc knights
  4 lindwurms (Lair:5)
  17 ugly things
  5 orc sorcerers
  11 mana vipers
  6 cyclopes
  9 manticores
  7 fauns
  18 salamanders
  7 merfolk sirens
  A moth of wrath (Snake:4)
  A black mamba (shapeshifter) (D:14)
  A guardian serpent (shapeshifter) (D:14)
  8 guardian serpents
  A toenail golem (D:4)
  39 black mambas
  15 elephants
  4 water nymphs
  12 naga magi
  6 cane toads
  4 kobold demonologists
  2 minotaur zombies (Gauntlet)
  8 komodo dragons
  A tengu conjurer (D:14)
  2 freezing wraiths
  4 polar bears
  13 merfolk
  A queen bee (D:10)
  The ghost of flotson the Sneak, an amateur DsDe (D:4)
  4 trolls
  7 hornets (Lair:5)
  6 wind drakes
  3 large abominations (Gauntlet)
  12 blink frogs
  7 snapping turtles
  5 dream sheep
  11 spriggans (Lair:5)
  A shadow (D:12)
  3 wyverns
  7 water elementals
  11 wraiths
  4 hogs (D:13)
  53 yaks
  12 fire bats (D:11)
  5 basilisks
  Grum (D:8)
  2 steam dragons
  5 vampire mosquitoes
  Menkaure (D:5)
  3 wargs
  Edmund (D:4)
  56 nagas
  An acid dragon (D:13)
  16 water moccasins
  A swamp drake (D:10)
  5 black bears
  24 orc warriors
  3 ice beasts
  12 centaurs
  4 boggarts (Lair:5)
  4 ogres
  30 wolves
  4 lemures (D:7)
  A phantom (D:6)
  4 kobold brigands
  A scorpion (D:10)
  11 bullfrogs
  6 wights
  8 small abominations
  39 killer bees
  5 howler monkeys
  2 hounds (D:5)
  7 jellies
  20 orc priests
  A gnoll bouda (D:10)
  5 iguanas
  24 orc wizards
  4 polar bear simulacra (Lair:3)
  3 yak simulacra (Lair:3)
  3 wolf simulacra (Lair:3)
  10 gnolls
  7 adders
  A shadow imp (D:6)
  A white imp (D:6)
  A worm (D:4)
  2 dart slugs
  93 orcs
  69 bats
  13 endoplasms
  4 giant cockroaches
  8 goblins
  9 hobgoblins
  2 jackals (D:3)
  11 kobolds
  5 quokkas
  5 ball pythons
  3 frilled lizards
  4 rats
  A river rat simulacrum (Lair:3)
  4 tentacles (Shoals:1)
1164 creatures vanquished.

Vanquished Creatures (collateral kills)
  An orc warlord (Orc:1)
  A merfolk impaler (Shoals:3)
  A merfolk avatar (Shoals:2)
  A death yak (Shoals:2)
  A flayed ghost (D:12)
  2 harpies (Shoals:1)
  A merfolk siren (Shoals:2)
  2 freezing wraiths (D:12)
  2 merfolk
  A wind drake (Shoals:1)
  A snapping turtle (Shoals:1)
  2 wraiths (Shoals:1)
  A warg (Orc:1)
  2 orc warriors (Orc:1)
  An orc priest (Orc:1)
  6 orcs (Orc:1)
26 creatures vanquished.

Vanquished Creatures (others)
  An orc wizard (D:5)
  A kobold (D:13)
  19 fungi
  63 plants
  8 tentacles (Shoals:1)
  4 withered plants (D:10)
96 creatures vanquished.

Grand Total: 1286 creatures vanquished

Notes
Turn   | Place    | Note
-------+----------+-------------------------------------------
     0 | D:1      | zishaf the Minotaur Berserker began the quest for the Orb.
     0 | D:1      | Reached XP level 1. HP: 19/19 MP: 0/0
    45 | D:1      | Reached skill level 4 in Fighting
    45 | D:1      | Reached XP level 2. HP: 3/27 MP: 1/1
   707 | D:1      | Reached XP level 3. HP: 27/34 MP: 2/2
   772 | D:1      | Reached ** piety under Trog
  1330 | D:2      | Reached XP level 4. HP: 36/41 MP: 3/3
  1361 | D:2      | Reached skill level 5 in Fighting
  1528 | D:3      | Reached skill level 5 in Axes
  1548 | D:3      | Found an iron altar of Okawaru.
  1812 | D:3      | Reached *** piety under Trog
  1927 | D:3      | Reached XP level 5. HP: 34/48 MP: 4/4
  2537 | D:4      | Reached skill level 6 in Fighting
  2557 | D:4      | Noticed Edmund
  2568 | D:4      | Killed Edmund
  2569 | D:4      | Reached XP level 6. HP: 28/58 MP: 5/5
  2772 | D:4      | Noticed flotson's ghost (amateur DsDe)
  2778 | D:4      | Found a transporter.
  2779 | D:4      | Noticed a small abomination
  2813 | D:4      | Noticed a toenail golem
  2856 | D:4      | Found a staircase to the Ecumenical Temple.
  2872 | D:4      | Found Ockomn's Firing Range.
  2922 | D:4      | Found a white marble altar of Elyvilon.
  3003 | D:4      | Found a transporter.
  3013 | D:4      | Found a one-way gate to the infinite horrors of the Abyss.
  3118 | D:5      | Entered Level 5 of the Dungeon
  3147 | D:5      | Reached skill level 7 in Fighting
  3192 | D:5      | Noticed an ice beast
  3194 | D:5      | Reached XP level 7. HP: 56/66 MP: 6/6
  3313 | D:5      | Found a glowing golden altar of the Shining One.
  3323 | D:5      | Found a radiant altar of Vehumet.
  3443 | D:5      | Reached **** piety under Trog
  3683 | D:5      | Gained mutation: You have supernaturally acute eyesight.
                  | (SInv) [potion of mutation]
  3702 | D:5      | Noticed Menkaure
  3708 | D:5      | Killed Menkaure
  3709 | D:5      | Reached skill level 8 in Fighting
  3877 | D:5      | Found a burning altar of Makhleb.
  4203 | D:4      | Killed a toenail golem
  4204 | D:4      | Reached skill level 9 in Fighting
  4204 | D:4      | Reached XP level 8. HP: 78/78 MP: 7/7
  4207 | D:4      | Killed flotson's ghost
  4242 | D:4      | HP: 2/79 [small abomination (2)]
  4247 | D:4      | HP: 1/79 [small abomination (7)]
  4249 | D:4      | Reached skill level 10 in Fighting
  4510 | D:6      | Reached skill level 10 in Axes
  4753 | D:6      | Identified 2 scrolls of acquirement
  4753 | D:6      | Acquired a manual of Axes
  4755 | D:6      | Acquired the amulet of Elyvilon's Pride {rPois rN+ Regen+
                  | rCorr}
  4933 | D:6      | Reached XP level 9. HP: 86/86 MP: 8/8
  5145 | D:7      | Noticed Pikel
  5160 | D:7      | Killed Pikel
  5161 | D:7      | Reached skill level 11 in Fighting
  5945 | D:8      | Reached skill level 12 in Fighting
  6028 | D:8      | Noticed Grum
  6042 | D:8      | Killed Grum
  6103 | D:8      | Found a staircase to the Lair.
  6104 | D:8      | Noticed a komodo dragon
  6119 | D:8      | Killed a komodo dragon
  6208 | D:8      | Reached XP level 10. HP: 77/100 MP: 9/9
  6376 | D:8      | Reached skill level 1 in Evocations
  6389 | D:8      | Reached skill level 13 in Fighting
  6389 | D:8      | Reached skill level 15 in Axes
  6563 | D:8      | Found a large runed translucent door.
  6563 | D:8      | Found a large runed translucent door.
  6781 | D:8      | Found a shimmering altar of Xom.
  6793 | D:8      | Found an opulent altar of Gozag.
  6921 | D:9      | Reached ***** piety under Trog
  6932 | D:9      | Found a broken altar of Ashenzari.
  7108 | D:9      | Reached skill level 14 in Fighting
  7604 | D:10     | Entered Level 10 of the Dungeon
  7632 | D:10     | Reached XP level 11. HP: 102/111 MP: 10/10
  7661 | D:10     | Found a blossoming altar of Fedhas.
  7764 | D:10     | Found a basalt altar of Yredelemnul.
  7764 | D:10     | Found a shimmering blue altar of Sif Muna.
  7798 | D:10     | Found a runed translucent gate.
  7798 | D:10     | Found a runed translucent gate.
  7798 | D:10     | Found a runed translucent gate.
  7811 | D:10     | Noticed AigisTheKnight's ghost (journeyman TeFE)
  7813 | D:10     | Noticed holysushi's ghost (journeyman OpMo)
  7814 | D:10     | Noticed PyroL's ghost (novice DsNe)
  8131 | D:10     | Reached skill level 5 in Armour
  8136 | D:10     | Reached skill level 15 in Fighting
  8151 | D:10     | Received a gift from Trog
  8346 | D:10     | Found a staircase to the Orcish Mines.
  8369 | D:10     | Reached skill level 5 in Evocations
  8814 | D:11     | Noticed a two-headed ogre
  8819 | D:11     | Noticed a white ugly thing
  8823 | D:11     | Killed a two-headed ogre
  8827 | D:11     | Killed a white ugly thing
  8859 | D:11     | Noticed a brown ugly thing
  8865 | D:11     | Killed a brown ugly thing
  8964 | D:11     | Found a gate leading to a gauntlet.
  8977 | Gauntlet | Entered a Gauntlet
  8977 | Gauntlet | Found a transporter.
  8984 | Gauntlet | Noticed a dire elephant
  8986 | Gauntlet | Found a transporter.
  8988 | Gauntlet | Found a transporter.
  8988 | Gauntlet | Noticed a green death
  8988 | Gauntlet | Found the amulet of Vitality {RegenMP++ Regen++}
  8991 | Gauntlet | Found a transporter.
  8991 | Gauntlet | Found a transporter.
  8992 | Gauntlet | Found a transporter.
  9003 | Gauntlet | Found a transporter.
  9004 | Gauntlet | Found a transporter.
  9019 | Gauntlet | Found a transporter.
  9044 | Gauntlet | Found a transporter.
  9046 | Gauntlet | Found a transporter.
  9054 | Gauntlet | Found a transporter.
  9054 | Gauntlet | Noticed a balrug
  9205 | Gauntlet | Killed a balrug
  9206 | Gauntlet | Reached skill level 16 in Fighting
  9243 | Gauntlet | Identified the +0 helmet of the Sun {Drain Will+++ Int+2
                  | Dex+4}
  9350 | Gauntlet | Identified the ring "Kuoraxupp" {rPois rF- rC+ rN+++
                  | Stlth+}
  9496 | Gauntlet | Noticed a minotaur
  9508 | Gauntlet | Killed a minotaur
  9557 | Gauntlet | Reached XP level 12. HP: 90/124 MP: 3/11
  9566 | Gauntlet | Identified the +5 spear "Poevuim" {freeze, rC++ SInv}
  9808 | D:10     | Killed AigisTheKnight's ghost
  9813 | D:10     | Killed holysushi's ghost
  9823 | D:10     | Killed PyroL's ghost
  9824 | D:10     | Reached skill level 17 in Fighting
  9888 | D:11     | Noticed a two-headed ogre
  9894 | D:11     | Killed a two-headed ogre
  9978 | D:11     | Found Wior's Jewellery Emporium.
  9978 | D:11     | Noticed a two-headed ogre
  9985 | D:11     | Killed a two-headed ogre
 10059 | D:11     | Noticed Urug
 10072 | D:11     | Killed Urug
 10478 | D:11     | Found a runed translucent door.
 10505 | D:11     | Found an ancient bone altar of Kikubaaqudgha.
 10510 | D:11     | Received a gift from Trog
 10521 | D:11     | Found a shimmering blue altar of Sif Muna.
 10570 | D:11     | Found a hazy altar of Hepliaklqana.
 10574 | D:11     | Reached skill level 18 in Fighting
 10628 | D:11     | Found an ornate altar of the Wu Jian Council.
 10648 | D:11     | Found a blossoming altar of Fedhas.
 10710 | D:11     | Received a gift from Trog
 10755 | D:11     | Found an ornate altar of the Wu Jian Council.
 10990 | Lair:1   | Entered Level 1 of the Lair of Beasts
 10990 | Lair:1   | Found a blossoming altar of Fedhas.
 11039 | Lair:1   | Reached skill level 19 in Fighting
 12027 | Lair:2   | Reached XP level 13. HP: 114/137 MP: 4/12
 12321 | Lair:2   | Found a staircase to the Shoals.
 12801 | Lair:3   | Reached ****** piety under Trog
 13010 | Lair:3   | Received a gift from Trog
 13018 | Lair:3   | Reached skill level 5 in Dodging
 13325 | Lair:3   | Found a staircase to the Snake Pit.
 13616 | Lair:4   | Found a staircase to the Slime Pits.
 13616 | Lair:4   | Found a viscous altar of Jiyva.
 13748 | Lair:4   | Reached skill level 10 in Armour
 13797 | Lair:4   | Reached skill level 20 in Fighting
 14221 | Lair:4   | Received a gift from Trog
 14226 | Lair:4   | Reached XP level 14. HP: 71/149 MP: 4/13
 14651 | Lair:5   | Entered Level 5 of the Lair of Beasts
 15256 | Lair:5   | Identified the +6 sling "Reatemyo" {freeze, +Blink rPois
                  | Str+4 Int-4}
 15306 | Lair:5   | Reached skill level 21 in Fighting
 15645 | Lair:5   | Identified the +0 pair of gloves "Tyaddaeg" {-Tele Harm
                  | rPois Int-2}
 16123 | Orc:1    | Entered Level 1 of the Orcish Mines
 16128 | Orc:1    | Identified the +7 battleaxe of Trog's Esteem {vorpal, rN+
                  | Will+ Str+2 Stlth+} (Trog gifted it to you on level 1 of
                  | the Orcish Mines)
 16128 | Orc:1    | Received a gift from Trog
 16145 | Orc:1    | Noticed an orc warlord
 16155 | Orc:1    | Killed an orc warlord
 16447 | Orc:1    | Paralysed by an orc sorcerer for 5 turns
 16636 | Orc:2    | Entered Level 2 of the Orcish Mines
 16862 | Orc:2    | Reached XP level 15. HP: 145/159 MP: 4/14
 16869 | Orc:2    | Found Suetuuj's Magic Scroll Shop.
 16869 | Orc:2    | Found Gukk's Book Shoppe.
 16929 | Orc:2    | Found Ingi Wuj's Book Shop.
 16929 | Orc:2    | Found Azaytowe's Magic Scroll Shoppe.
 16938 | Orc:2    | Bought a scroll of blinking for 105 gold pieces
 17034 | Orc:2    | Found a staircase to the Elven Halls.
 17058 | Orc:2    | Received a gift from Trog
 17239 | Orc:2    | Noticed Snorg
 17242 | Orc:2    | Killed Snorg
 17354 | Orc:2    | Found an iron altar of Okawaru.
 17477 | Orc:2    | Bought a scroll of acquirement for 624 gold pieces
 17477 | Orc:2    | Acquired 565 gold pieces
 17601 | D:11     | Bought the amulet of the Four Winds {rN+ Will+++ Clar} for
                  | 1031 gold pieces
 17601 | D:11     | Found the amulet of the Four Winds {rN+ Will+++ Clar}
 17601 | D:11     | Bought a +4 ring of protection for 612 gold pieces
 17849 | D:12     | Found a runed translucent gate.
 17849 | D:12     | Found a runed translucent gate.
 17849 | D:12     | Found a runed translucent gate.
 17850 | D:12     | Noticed BigDaddyOpFi's ghost (journeyman HOFi)
 18163 | D:12     | Killed BigDaddyOpFi's ghost
 18633 | D:13     | Reached skill level 22 in Fighting
 18683 | D:13     | Noticed Erolcha
 18687 | D:13     | Killed Erolcha
 18742 | D:13     | Noticed Kirke
 18754 | D:13     | Killed Kirke
 19548 | D:14     | Found Venk's Book Emporium.
 19602 | D:14     | Received a gift from Trog
 19630 | D:14     | Found a broken altar of Ashenzari.
 20352 | D:14     | Found a gate to the Vaults.
 20358 | D:14     | Identified the +5 scale mail "Eptuin" {rElec Regen+ MP+9}
 20592 | D:15     | Entered Level 15 of the Dungeon
 20775 | D:15     | Found a white marble altar of Elyvilon.
 20883 | D:15     | Reached skill level 23 in Fighting
 21175 | D:15     | Found a staircase to the Depths.
 21175 | D:15     | Noticed a frost giant
 21182 | D:15     | Killed a frost giant
 21183 | D:15     | Reached XP level 16. HP: 126/172 MP: 8/15
 21734 | Snake:1  | Entered Level 1 of the Snake Pit
 21773 | Snake:1  | Identified the +7 great sword "Minotaur's Regret" {holy,
                  | rPois Will+}
 22084 | Snake:1  | Received a gift from Trog
 22702 | Snake:2  | Reached skill level 24 in Fighting
 22725 | Snake:2  | Identified the +2 mace "Hyghik" {venom, rPois rCorr Str+2
                  | Stlth-}
 23011 | Snake:2  | Received a gift from Trog
 23218 | Snake:2  | Found Plog's Book Shoppe.
 23218 | Snake:2  | Found Koqad's Jewellery Shop.
 23219 | Snake:2  | Found Fukei's Jewellery Shop.
 23479 | Snake:3  | Reached skill level 15 in Armour
 24712 | Snake:4  | Entered Level 4 of the Snake Pit
 24732 | Snake:4  | Reached XP level 17. HP: 183/183 MP: 8/16
 24739 | Snake:4  | Received a gift from Trog
 24876 | Snake:4  | Noticed Roxanne
 24899 | Snake:4  | Killed Roxanne
 25189 | Snake:4  | Received a gift from Trog
 25190 | Snake:4  | Reached skill level 25 in Fighting
 25521 | Snake:4  | Reached skill level 10 in Dodging
 25729 | Snake:4  | Got a serpentine rune of Zot
 25913 | Snake:4  | Found a transporter.
 25949 | Snake:4  | Noticed Jackthecabe's ghost (adept DgCj)
 25961 | Snake:4  | Found a transporter.
 25987 | Snake:4  | Received a gift from Trog
 26271 | Snake:4  | Killed Jackthecabe's ghost
 26322 | Snake:4  | Identified the +0 cloak of Werphomn {rF+ rC+ Dex-4}
 26515 | Shoals:1 | Entered Level 1 of the Shoals
 26586 | Shoals:1 | Reached XP level 18. HP: 136/195 MP: 17/17
 26761 | Shoals:1 | Noticed Josephine
 26776 | Shoals:1 | Killed Josephine
 27214 | Shoals:2 | Noticed Louise
 27222 | Shoals:2 | Killed Louise
 27229 | Shoals:2 | You fall into a shaft and drop 1 floor!
 27297 | Shoals:3 | Received a gift from Trog
 27931 | Shoals:2 | Reached skill level 26 in Fighting
 28010 | Shoals:2 | Noticed Ilsuiw
 28063 | Shoals:2 | Killed Ilsuiw
 28082 | Shoals:2 | Acquired a manual of Evocations
 28195 | Shoals:2 | Noticed Polyphemus
 28228 | Shoals:2 | Killed Polyphemus
 28668 | Shoals:2 | Identified the +3 leather armour of Giom {rElec Regen+
                  | Str-2 Dex+2}
 28734 | Shoals:4 | Entered Level 4 of the Shoals
 28764 | Shoals:4 | HP: 3/196 [alligator snapping turtle (10)]
 29062 | Shoals:4 | Received a gift from Trog
 29335 | Shoals:4 | Identified the +2 trident "Koijecin" {flame, Fly Will++
                  | Str-5 Dex+3}
 29388 | Shoals:4 | Killed from afar by a frost giant

Illustrated notes

Levels and vault maps discovered:
D:1:      reono_arrival_forest_river, layout_basic
D:2:      layout_basic
D:3:      layout_basic, mainiacjoe_overflow_six_doors_small,
          minmay_misc_feat_four_crosses, minmay_misc_feat_tower
D:4:      layout_basic, lemuel_tele_altar, minmay_temple_entry_statues,
          gammafunk_ghost_abyssal_escape, nicolae_shop_firing_range, uniq_edmund
D:5:      layout_basic, amethyst_overflow_temple_binary,
          makhleb_heckhound_becter, uniq_menkaure
D:6:      layout_rooms, chequers_serial_rivers_room_a, grunt_ministairs_8
D:7:      layout_cave_pods, uniq_pikel
D:8:      layout_loops_ring, jmf_multi_god_temple2, david_lair_shrubbed,
          minmay_manual_moon, uniq_grum
D:9:      layout_loops_ring, kennysheep_mini, minmay_door_square,
          kennysheep_potato
D:10:     layout_loops_ring, mainiacjoe_overflow_divided_tiny,
          mainiacjoe_overflow_paths, erik_orc_1, special_room
          [special_room_bee], gammafunk_ghost_cemetery, skrybe_limestone_x,
          centaur_isle
D:11:     due_megacathedral, layout_stronghold, gauntlet_entry_generic,
          serial_shops, shop, uniq_urug
D:12:     layout_long_grid, gammafunk_ghost_spectres
D:13:     layout_irregular_city, uniq_kirke, uniq_erolcha
D:14:     layout_loops_cross, david_vaults_4, evilmike_ruin_ashenzari,
          serial_shops, nicolae_shop_statue_plus
D:15:     grunt_enter_depths_snipers, layout_basic, elyvilon_altar_4
Lair:1:   layout_gridlike, basic_altar, lemuel_old_faithful
Lair:2:   layout_roguey, shoals_dummy_entry, beast_lair_carwin_5
Lair:3:   layout_regular_city, guppyfry_snake_entry_island,
          eino_house_with_fridge
Lair:4:   layout_cave_pods, nicolae_slime_entry_slimehenge, st_stairs_4,
          columned_hall_lemuel, serial_bayou_shore_b, grunt_megastairs_4,
          serial_bayou_shore_b, infiniplex_staircase_pool
Lair:5:   minmay_lair_end_enchanted_forest, layout_gridlike,
          minmay_lindwurm_lava
Shoals:1: layout_shoals, uniq_josephine
Shoals:2: layout_shoals, uniq_polyphemus, uniq_louise, uniq_ilsuiw
Shoals:3: layout_shoals
Shoals:4: shoals_end_grunt_ice, layout_shoals, shoals_ilsuiw_alternative
Snake:1:  layout_cave_pods, grunt_ministairs_3
Snake:2:  layout_rooms, nicolae_snake_gridmaze_waves, grunt_megastairs_5,
          serial_bayou_shore_b, minmay_shop_grove
Snake:3:  layout_layer_cave, grunt_ministairs_1
Snake:4:  grunt_snake_rune_spirals, layout_onion_interference,
          gammafunk_ghost_berserking_beasts, uniq_roxanne
Orc:1:    layout_diamond_mine, bh_open_orc_temple
Orc:2:    grunt_orc_tribal_feast, layout_caves, david_defended_altar_orc,
          uniq_snorg

Skill      XL: |  1  2  3  4  5  6  7  8  9 10 11 12 13 14 15 16 17 18 |
---------------+-------------------------------------------------------+-----
Fighting       | 4 5 6 7 9 10 12 14 16 19 20 21 23 24 25 26 | 26.4
Axes           | 4 5 6 7 9 10 14 16 18 20 21 22 23 24 | 24.0
Evocations     | 4 6 7 8 |  8.9
Armour         | 4 7 8 11 13 14 15 17 18 | 18.8
Dodging        | 3 5 8 11 13 | 13.0

Action                   |  1- 3 |  4- 6 |  7- 9 | 10-12 | 13-15 | 16-18 || total
-------------------------+-------+-------+-------+-------+-------+-------++-------
Melee: Hand axe          |    84 |    67 |       |       |       |       ||   151
       Headbutt          |     2 |    21 |    31 |    99 |   180 |   211 ||   544
       War axe           |       |    59 |   153 |   195 |    27 |       ||   434
       Unarmed           |       |     3 |       |       |       |       ||     3
       Punch             |       |     1 |     1 |     1 |     2 |       ||     5
       Battleaxe         |       |       |       |   173 |       |       ||   173
       Executioner's axe |       |       |       |   178 |   754 |  1004 ||  1936
Invok: Berserk           |       |     2 |     2 |     6 |     7 |    10 ||    27
       Brothers in Arms  |       |       |       |       |     5 |     7 ||    12
       Trog's Hand       |       |       |       |       |       |     3 ||     3
Evoke: Wand              |       |       |       |     9 |       |       ||     9
  Use: Scroll            |       |    11 |     7 |     8 |     3 |     4 ||    33
       Potion            |       |       |     5 |       |     1 |     6 ||    12
 Stab: Sleeping          |     1 |       |       |       |       |       ||     1
       Confused          |       |       |       |     1 |       |       ||     1
       Petrified         |       |       |       |       |       |     8 ||     8
       Petrifying        |       |       |       |       |       |     2 ||     2
Armor: Animal skin       |    26 |     7 |       |       |       |       ||    33
       Scale mail        |       |    18 |       |       |    39 |   724 ||   781
       Chain mail        |       |    48 |    81 |    58 |       |       ||   187
       Plate armour      |       |       |       |   342 |   463 |       ||   805
Dodge: Dodged            |    60 |    74 |    61 |   225 |   319 |   564 ||  1303

Table legend: (Time is in decaauts)
 A = Elapsed time spent in this place.
 B = Non-inter-level travel time spent in this place.
 C = Inter-level travel time spent in this place.
 D = Time resting spent in this place.
 E = Time spent auto-exploring this place.
 F = Levels seen in this place.
 G = Mean time per level.
                   A        B        C        D        E       F      G
               +--------+--------+--------+--------+--------+-----+--------+
         Total |  29334 |  27408 |   1926 |   2002 |  20029 |  31 |  946.3 |
       Dungeon |  14590 |  13643 |    947 |    820 |  10448 |  15 |  972.7 |
          Lair |   5217 |   4743 |    474 |    241 |   3678 |   5 | 1043.4 |
        Shoals |   2925 |   2803 |    122 |    238 |   1823 |   4 |  731.2 |
     Snake Pit |   4595 |   4389 |    206 |    426 |   2993 |   4 | 1148.8 |
  Orcish Mines |   1407 |   1232 |    175 |     44 |    931 |   2 |  703.5 |
      Gauntlet |    598 |    598 |      0 |    230 |    155 |   1 |  598.0 |
               +--------+--------+--------+--------+--------+-----+--------+

Top non-repeatable levels by time:
 Snake:4: 1563 daAuts
    D:10: 1534 daAuts
    D:11: 1445 daAuts
 Snake:3: 1371 daAuts
  Lair:5: 1214 daAuts
     D:8: 1127 daAuts
     D:1: 1112 daAuts
  Lair:4: 1103 daAuts
    D:14: 1076 daAuts
     D:5: 1055 daAuts
  Lair:3: 1048 daAuts
     D:4: 989 daAuts
     D:3: 986 daAuts
  Lair:1: 949 daAuts
    D:12: 926 daAuts
